 Dungeon Crawl Stone Soup version 0.22.1-1-ga44c0e56f4 (webtiles) character file.

3226 Revguard the Nimble (level 9, -1/76 HPs)
             Began as a Purple Draconian Berserker on Oct 28, 2018.
             Was a Priest of Trog.
             Slain by a hippogriff (5 damage)
             ... on level 7 of the Dungeon on Nov 2, 2018.
             The game lasted 00:32:28 (6111 turns).

Revguard the Nimble (Purple Draconian Berserker)    Turns: 6111, Time: 00:32:28

Health: -1/76      AC:  8    Str: 22    XL:     9   Next: 66%
Magic:  18/20      EV: 17    Int:  7    God:    Trog [***...]
Gold:   340        SH:  0    Dex: 10    Spells: 8/8 levels left

rFire    . . .     SeeInvis .   B - +0 long sword
rCold    . . .     Gourm    .   (no shield)
rNeg     . . .     Faith    .   (armour unavailable)
rPois    .         Spirit   .   w - +1 hat
rElec    .         Reflect  .   (no cloak)
rCorr    +         Harm     .   (no gloves)
MR       +....                  (no boots)
Stlth    +.........             (no amulet)
HPRegen  0.22/turn              e - ring of magical power
MPRegen  0.17/turn              n - ring of resist corrosion

@: about to teleport, short of breath
A: breathe power, unfitting armour, stinger 1, clumsy 1, frail 1, cold-blooded,
AC +7
a: Breathe Dispelling Energy, Berserk, Trog's Hand, Renounce Religion


You were on level 7 of the Dungeon.
You worshipped Trog.
Trog was most pleased with you.
You were hungry.

You visited 2 branches of the dungeon, and saw 8 of its levels.

You collected 340 gold pieces.

Inventory:

Hand Weapons
 a - a +1 falchion
 B - a +0 long sword (weapon)
Armour
 t - the -2 hat of the Alchemist {rElec rPois rF+ rC+ rN+ MR+ rMut rCorr}
   (You found it on level 6 of the Dungeon)

   It protects you from fire.
   It protects you from cold.
   It insulates you from electricity.
   It protects you from poison.
   It protects you from negative energy.
   It affects your resistance to hostile enchantments.
   It provides partial protection from all sources of acid and corrosion.
   It protects you from mutation.
 w - a +1 hat (worn)
Jewellery
 e - a ring of magical power (left hand)
 k - an uncursed amulet of rage
 n - a ring of resist corrosion (right hand)
 A - an uncursed ring of magical power
Wands
 v - a wand of flame (18)
 x - a wand of random effects (6)
Scrolls
 c - 2 scrolls of blinking
 f - 2 scrolls of teleportation
 g - 4 scrolls of remove curse
 h - a scroll of fog
 i - a scroll of summoning {unknown}
 j - a scroll of enchant armour
 m - a scroll of torment {unknown}
 o - 2 scrolls of identify
 p - 2 scrolls of enchant weapon
 q - a scroll of magic mapping
 s - a scroll of amnesia
 C - a scroll of silence {unknown}
Potions
 d - a potion of lignification
 l - a potion of might
 u - a potion of curing
 z - a potion of agility
Comestibles
 b - 12 rations
 r - 3 chunks of flesh


   Skills:
 + Level 9.8 Fighting
 + Level 7.9 Long Blades
 + Level 10.6 Dodging
 * Level 3.1 Evocations


You had 8 spell levels left.
You didn't know any spells.
Your spell library was empty.

Dungeon Overview and Level Annotations

Branches:
Dungeon (7/15)             Temple (1/1) D:7

Altars:
Ashenzari
Cheibriados
Dithmenos
Gozag
Kikubaaqudgha
Makhleb
Okawaru
Qazlal
Ru
Sif Muna
Trog
Uskayaw
Vehumet
Xom
Zin
The Shining One


Innate Abilities, Weirdness & Mutations

You can breathe bolts of dispelling energy.
Your rich purple scales are hard. (AC +7)
You cannot fit into any form of body armour.
You are cold-blooded and may be slowed by cold attacks.
Your tail ends in a poisonous barb.
You are clumsy. (Dex -2)
You are frail. (-10% HP)


Message History

Your skin stops crawling.
You feel less resistant to hostile enchantments.
Press: ? - help, Shift-Dir - straight line You breathe a bolt of dispelling energy.
You are feeling hungry.
Something bites you but does no damage. Something pecks you.
Something closely misses you.
You miss something. Something bites you!
* * * LOW HITPOINT WARNING * * *
Something pecks you.
* * * LOW HITPOINT WARNING * * *
Something claws you but does no damage. Something bites you.
* * * LOW HITPOINT WARNING * * *
Something closely misses you. Something claws you but does no damage.
As you read the scroll of teleportation, it crumbles to dust.
You feel strangely unstable. Something bites you!
* * * LOW HITPOINT WARNING * * *
Something barely misses you. Something claws you but does no damage.
Something bites you.
You die...

#'# ########## ##
#.####........###.
#.##......#...##..
#§##.....##...#†..
#.#......##...)...
#).....####...#...
#.####### #...##..
#.###...###...###.
#@##[...(##.(.# ##
#§#......(#.(.####
#.#.......'...##..
#†#[(.(...#...##..
#.##.....##...#...
#.###...###.......
#.####### ########
#........
#...#.#.#


There were no monsters in sight!

Vanquished Creatures
  Prince Ribbit (D:7)
  Eustachio (D:4)
  An ice beast (D:7)
  2 orc warriors
  An eye of draining (D:7)
  A phantom (D:5)
  3 ogres
  Blork the orc (D:4)
  2 bullfrogs
  A scorpion (D:7)
  3 crimson imps
  3 orc priests
  3 hounds
  6 orc wizards
  Ijyb (D:4)
  Natasha (thrice) (D:3)
  3 worker ants
  A worker ant zombie (D:5)
  A gnoll (D:7)
  5 adders
  3 worms
  4 dart slugs
  9 leopard geckos
  29 orcs
  10 bats
  6 giant cockroaches
  6 goblins
  12 hobgoblins
  3 quokkas
  2 ball pythons
  7 frilled lizards
  5 kobolds
  A leopard gecko skeleton (D:5)
  A quokka skeleton (D:4)
  11 rats
152 creatures vanquished.

Vanquished Creatures (collateral kills)
  A hydra (D:7)
1 creature vanquished.

Grand Total: 153 creatures vanquished

Notes
Turn   | Place    | Note
-------+----------+-------------------------------------------
     0 | D:1      | Revguard the Draconian Berserker began the quest for the
                  | Orb.
     0 | D:1      | Reached XP level 1. HP: 19/19 MP: 1/1
   366 | D:1      | Reached XP level 2. HP: 22/26 MP: 2/2
   375 | D:1      | Reached skill level 3 in Dodging
  1183 | D:2      | Reached XP level 3. HP: 33/33 MP: 3/3
  1249 | D:2      | Reached ** piety under Trog
  1510 | D:2      | Reached XP level 4. HP: 33/40 MP: 4/4
  1907 | D:2      | Found a shimmering altar of Xom.
  2035 | D:3      | Found a bloodstained altar of Trog.
  2062 | D:3      | Reached XP level 5. HP: 43/46 MP: 5/5
  2223 | D:3      | Noticed Natasha
  2256 | D:3      | Killed Natasha
  2556 | D:3      | Noticed Natasha
  2563 | D:3      | Killed Natasha
  2566 | D:3      | Reached *** piety under Trog
  2566 | D:3      | Reached skill level 5 in Long Blades
  2841 | D:3      | Noticed Natasha
  2850 | D:3      | Killed Natasha
  2850 | D:3      | Reached XP level 6. HP: 33/53 MP: 6/6
  2882 | D:3      | Found a deep blue altar of Sif Muna.
  3403 | D:4      | Noticed Blork the orc
  3412 | D:4      | Killed Blork the orc
  3412 | D:4      | Reached skill level 4 in Dodging
  3519 | D:4      | Noticed Ijyb
  3539 | D:4      | Killed Ijyb
  3539 | D:4      | Reached skill level 5 in Fighting
  3727 | D:4      | Your scales start taking on a rich purple colour.
  3727 | D:4      | Reached XP level 7. HP: 61/61 MP: 7/7
  3803 | D:4      | Noticed Eustachio
  3827 | D:4      | Killed Eustachio
  3827 | D:4      | Reached skill level 1 in Evocations
  4065 | D:5      | Entered Level 5 of the Dungeon
  4075 | D:5      | Reached skill level 10 in Dodging
  4075 | D:5      | Reached XP level 8. HP: 78/78 MP: 8/8
  4267 | D:5      | Gained mutation: You are clumsy. (Dex -2) [potion of
                  | mutation]
  4267 | D:5      | Gained mutation: You are frail. (-10% HP) [potion of
                  | mutation]
  4267 | D:5      | Gained mutation: Your tail ends in a poisonous barb.
                  | [potion of mutation]
  4552 | D:6      | Found a stormy altar of Qazlal.
  4682 | D:6      | Found a glowing golden altar of the Shining One.
  4774 | D:6      | Found the -2 hat of the Alchemist {rElec rPois rF+ rC+ rN+
                  | MR+ rMut rCorr}
  4788 | D:6      | Found a snail-covered altar of Cheibriados.
  4808 | D:6      | Found a shattered altar of Ashenzari.
  5147 | D:7      | Found a staircase to the Ecumenical Temple.
  5165 | Temple   | Entered the Ecumenical Temple
  5379 | D:7      | Reached XP level 9. HP: 71/75 MP: 10/10
  5414 | D:7      | Reached **** piety under Trog
  5571 | D:7      | Noticed a six-headed hydra
  5583 | D:7      | Killed a seven-headed hydra
  6044 | D:7      | Noticed Prince Ribbit
  6090 | D:7      | Killed Prince Ribbit
  6110 | D:7      | HP: 3/76 [something (9)]
  6111 | D:7      | Slain by a hippogriff

Skill      XL: |  1  2  3  4  5  6  7  8  9 |
---------------+----------------------------+-----
Dodging        | 3 4 10 | 10.6
Fighting       | 4 5 9 |  9.8
Long Blades    | 4 5 6 7 |  7.9
Evocations     | 1 3 |  3.1

Action                   |  1- 3 |  4- 6 |  7- 9 || total
-------------------------+-------+-------+-------++-------
Melee: Falchion          |   108 |   189 |   147 ||   444
       Tailslap          |    15 |    32 |    43 ||    90
       Long sword        |       |       |    58 ||    58
Invok: Berserk           |     1 |     4 |     3 ||     8
       Trog's Hand       |       |     3 |     3 ||     6
       Brothers in Arms  |       |       |     1 ||     1
 Abil: Breathe Dispellin |       |       |    10 ||    10
Evoke: Wand              |       |       |     8 ||     8
  Use: Potion            |     1 |       |    10 ||    11
       Scroll            |       |     3 |    10 ||    13
 Stab: Sleeping          |       |       |     1 ||     1
  Eat: Chunk             |     2 |     8 |    16 ||    26
       Ration            |       |     1 |       ||     1
Armor: Skin              |    46 |    50 |    71 ||   167
Dodge: Dodged            |   105 |   137 |   189 ||   431
       Rpst.: Falchion   |    28 |    41 |    41 ||   110
       Long sword        |       |       |    15 ||    15
